 Dungeon Crawl Stone Soup version 0.30.1-4-g462c640d31 (webtiles) character file.

Game seed: 9387034373323358810

382 Kurtz the Chopper (level 6, 0/37 HPs)
             Began as a Tengu Fighter on Sept 17, 2023.
             Slain by a gnoll
             ... wielding a +0 spear
             ... led by a gnoll bouda
              (4 damage)
             ... on level 4 of the Dungeon.
             The game lasted 00:03:21 (3103 turns).

Kurtz the Chopper (Tengu Fighter)                   Turns: 3103, Time: 00:03:22

Health: 0/37       AC: 10    Str: 24    XL:     6   Next: 76%
Magic:  0/2        EV: 10    Int:  8    God:
Gold:   251        SH:  5    Dex: 14    Spells: 5/5 levels left

rFire   . . .        q - +5 hand axe of the Mosquito {antimagic, Will++}
rCold   + . .        c - +0 buckler
rNeg    . . .        r - +0 chain mail
rPois   .            (helmet restricted)
rElec   .            (no cloak)
rCorr   .            m - +0 pair of gloves
SInv    .            (boots unavailable)
Will    ++...        j - amulet of guardian spirit Stlth
                     e - +6 ring of strength
HPRegen 0.26/turn    g - ring of protection from cold
MPRegen 0.08/turn

%: guardian spirit
@: mighty, flying quickly and evasively, quick
A: beak, talons 3, nimble flight
a: no special abilities


You were on level 4 of the Dungeon.
You visited 1 branch of the dungeon, and saw 4 of its levels.

You collected 251 gold pieces.

Inventory:

Hand Weapons
 a - a +0 war axe
 q - the +5 hand axe of the Mosquito (weapon) {antimagic, Will++}
   (You found it on level 3 of the Dungeon)

   Will:      It greatly increases your willpower.
Missiles
 i - 6 poisoned darts (quivered)
 u - a throwing net
Armour
 b - a +0 scale mail
 c - a +0 buckler (worn)
 m - a +0 pair of gloves (worn)
 r - a +0 chain mail (worn)
Jewellery
 e - a +6 ring of strength (left hand)
 g - a ring of protection from cold (right hand)
 j - an amulet of guardian spirit (around neck)
 o - a ring of ice
 p - a ring of protection from cold
Scrolls
 f - 5 scrolls of identify {unknown}
 k - 3 scrolls of fog {unknown}
 l - 3 scrolls of teleportation {unknown}
Potions
 d - a potion of might
 h - 2 potions of cancellation {unknown}
 n - 2 potions of degeneration {unknown}
 s - a potion of heal wounds {unknown}
 t - a potion of curing {unknown}


   Skills:
 * Level 3.3 Fighting
 * Level 6.8 Axes
 * Level 4.2 Armour
 * Level 1.1 Dodging
 + Level 3.0 Shields


You had 5 spell levels left.
You didn't know any spells.
Your spell library contained the following spells:

 Spells                   Type           Power      Damage    Failure   Level
 Cigotuvi's Dreadful Rot  Necr/Pois/Air  0%         N/A       99%         2
 Ignite Poison            Fire/Tmut/Pois 0%         N/A       100%        3
 Stone Arrow              Conj/Erth      0%         3d7       100%        3
 Freezing Cloud           Conj/Ice/Air   0%         6-21      100%        5
 Iskenderun's Battlesphe  Conj           0%         2d6       100%        5
 Necromutation            Tmut/Necr      0%         N/A       100%        8


Dungeon Overview and Level Annotations

Branches:
Dungeon (4/15)             Temple (0/1) D:4

Altars:
Ashenzari
Xom

Annotations:
D:3 Grinder


Innate Abilities, Weirdness & Mutations

You have a beak for a mouth.
You have claws for feet.
Your magical nature lets you fly swiftly and evasively.


Message History

You hit Dowan.
Dowan's magic leaks into the air.
You claw Dowan. You peck Dowan, but do no damage.
Dowan is heavily wounded.
The gnoll hits you but does no damage.
Dowan falters for a moment.
You slash Dowan!
Dowan's magic leaks into the air.
Dowan is severely wounded.
You block the gnoll's attack. Dowan hits you but does no damage.
You hit Dowan.
Dowan's magic leaks into the air.
Dowan is severely wounded.
You block the gnoll's attack.
Dowan falters for a moment.
You hit Dowan.
Dowan's magic leaks into the air.
Your peck misses Dowan.
Dowan is almost dead.
The gnoll hits you from afar with a +0 spear.
Dowan falters for a moment.
You hit Dowan.
You kill Dowan!
You hear a distant scream of rage.
The gnoll barely misses you.
Items here: )))) [[ ††.
Unknown command.
Duvessa shouts!
Duvessa goes berserk!
Duvessa barely misses you. Duvessa hits you with a +0 short sword.
You feel very mighty all of a sudden. Duvessa hits you with a +0 short sword!
Duvessa hits you but does no damage.
You slash Duvessa! Your kick misses Duvessa.
Duvessa is lightly wounded.
You block Duvessa's attack. The gnoll hits you but does no damage.
You slash Duvessa! You claw Duvessa!
Duvessa is heavily wounded.
Duvessa hits you with a +0 short sword. Duvessa hits you but does no damage.
The gnoll barely misses you.
You hit Duvessa. You claw Duvessa! You peck Duvessa.
Duvessa is almost dead.
Duvessa hits you with a +0 short sword!
* * * LOW HITPOINT WARNING * * *
The gnoll hits you but does no damage. Duvessa barely misses you.
You slash Duvessa!
You kill Duvessa!
The gnoll hits you from afar with a +0 spear.
You die...

#...#...#.#.#.#####.#....#
#.#.#####.#.#.# #.#....#
#.#.....#.#.#.# #.######
#.#.....#.#.#). .#.#
#.#.##..#.#.###...#.#
#.#.##..#.#.......#r#####
#.#.##...................#
#.#.###...######.........##
#.# #....)@............<###
#. ####g#####............#
#.##### ##........# e..
#...g)# #........# .g.
#####g# #........# .... #)#
###....†...# ..).. #g#
#.......)..#
.....######.###...)......#
..........#g..#..........#


You could see a gnoll.

Vanquished Creatures
  Duvessa (D:4)
  Dowan (D:4)
  A gnoll bouda (D:4)
  An orc priest (D:4)
  2 iguanas (D:4)
  An orc wizard (D:4)
  Natasha (twice) (D:4)
  Robin (D:4)
  2 gnolls (D:4)
  2 adders
  3 worms
  A dart slug (D:2)
  5 orcs
  8 ball pythons
  5 bats
  4 endoplasms
  2 giant cockroaches
  14 goblins
  7 hobgoblins
  3 jackals (D:1)
  5 quokkas
  7 frilled lizards
  4 kobolds
  6 rats
  A butterfly (D:4)
89 creatures vanquished.

Notes
Turn   | Place    | Note
-------+----------+-------------------------------------------
     0 | D:1      | Kurtz the Tengu Fighter began the quest for the Orb.
     0 | D:1      | Reached XP level 1. HP: 14/14 MP: 2/2
   186 | D:1      | Reached XP level 2. HP: 16/19 MP: 3/3
   188 | D:1      | Reached skill level 3 in Axes
   615 | D:1      | Reached XP level 3. HP: 23/23 MP: 4/4
   954 | D:2      | Reached skill level 4 in Axes
  1473 | D:2      | Reached XP level 4. HP: 20/28 MP: 3/5
  1780 | D:3      | Got Sif Muna's Anthology of the Dynamic Xenotype
  1796 | D:3      | Identified the +5 hand axe of the Mosquito {antimagic,
                  | Will++}
  1924 | D:3      | Noticed Grinder
  1962 | D:4      | Noticed Robin
  2230 | D:3      | Found a faded altar of an unknown god.
  2410 | D:4      | Found a shimmering altar of Xom.
  2417 | D:4      | Found a broken altar of Ashenzari.
  2467 | D:4      | Noticed Natasha
  2473 | D:4      | Killed Natasha
  2474 | D:4      | Reached skill level 5 in Axes
  2579 | D:4      | Gained mutation: Your magical nature lets you fly swiftly
                  | and evasively. [Tengu growth]
  2579 | D:4      | Reached XP level 5. HP: 31/32 MP: 2/6
  2801 | D:4      | Reached skill level 6 in Axes
  2807 | D:4      | Reached XP level 6. HP: 21/37 MP: 1/7
  2945 | D:4      | Killed Robin
  3046 | D:4      | Noticed Natasha
  3056 | D:4      | Killed Natasha
  3057 | D:4      | Reached skill level 1 in Dodging
  3070 | D:4      | Noticed Dowan
  3071 | D:4      | Found a staircase to the Ecumenical Temple.
  3073 | D:4      | Noticed Duvessa
  3090 | D:4      | Killed Dowan
  3103 | D:4      | Killed Duvessa
  3103 | D:4      | Slain by a gnoll

Illustrated notes

Levels and vault maps discovered:
D:1:      ncdulo_smallfort, layout_basic, moated_statue, minmay_misc_feat_tower,
          st_stairs_3, minmay_shallow_snake_nest
D:2:      layout_basic, minmay_diced_spiral
D:3:      layout_basic, dreamdust_ecumenical_altar_hidden_monk_grotto,
          dreamdust_mushroom_princess, uniq_grinder
D:4:      layout_basic, amethyst_overflow_temple_binary,
          minmay_temple_entry_butterflies, uniq_robin, uniq_duvessa,
          uniq_natasha

Skill      XL: |  1  2  3  4  5  6 |
---------------+-------------------+-----
Axes           | 3 4 5 6 |  6.8
Armour         | 4 |  4.2
Dodging        | 1 |  1.1
Fighting       | |  3.3
Shields        | |  3.0

Action                     |  1- 3 |  4- 6 || total
---------------------------+-------+-------++-------
  Melee: War axe           |    68 |    30 ||    98
         Kick              |    12 |    25 ||    37
         Peck              |     9 |    13 ||    22
         Hand axe          |       |    97 ||    97
    Use: Potion            |       |     1 ||     1
 Armour: Scale mail        |    21 |    15 ||    36
         Chain mail        |       |    29 ||    29
  Dodge: Dodged            |    32 |    48 ||    80
  Block: Buckler           |    15 |    24 ||    39
